 Dungeon Crawl Stone Soup version 0.30-a0-1094-g860fb061e7 (webtiles) character file.

Game seed: 17414994349425838604

24 Demosthentine the Poker (level 2, -4/23 HPs)
             Began as a Demonspawn Gladiator on Apr 18, 2023.
             Slain by Terence
             ... wielding a +0 flail
              (10 damage)
             ... on level 2 of the Dungeon.
             The game lasted 00:00:42 (877 turns).

Demosthentine the Poker (Demonspawn Gladiator)       Turns: 877, Time: 00:00:43

Health: -4/23      AC:  4    Str: 14    XL:     2   Next: 79%
Magic:  2/2        EV: 12    Int:  9    God:
Gold:   72         SH:  0    Dex: 14    Spells: 1/1 levels left

rFire   . . .      SeeInvis .    a - +0 trident
rCold   . . .      Faith    .    (no shield)
rNeg    . . .      Spirit   .    b - +0 leather armour
rPois   .          Reflect  .    c - +0 helmet
rElec   .          Rampage  .    (no cloak)
rCorr   .                        (no gloves)
Will    .....                    (no boots)
Stlth   +                        (no amulet)
HPRegen 0.23/turn                f - +4 ring of slaying
MPRegen 0.08/turn                (no ring)

@: confused, ambrosia-drunk
A: spiny 1
a: no special abilities


You were on level 2 of the Dungeon.
You visited 1 branch of the dungeon, and saw 2 of its levels.

You collected 72 gold pieces.

Inventory:

Hand Weapons
 a - a +0 trident (weapon)
Missiles
 d - 2 throwing nets (quivered)
 e - a javelin
Armour
 b - a +0 leather armour (worn)
 c - a +0 helmet (worn)
Jewellery
 f - a +4 ring of slaying (left hand)
Scrolls
 i - 3 scrolls of fear {unknown}
 j - 3 scrolls of identify {unknown}
Potions
 h - a potion of might {unknown}


   Skills:
 + Level 2.3 Fighting
 + Level 3.0 Polearms
 - Level 1.7 Throwing
 + Level 0.9 Armour
 + Level 3.0 Dodging


You had one spell level left.
You didn't know any spells.
Your spell library contained the following spells:

 Spells                   Type           Power      Damage    Failure   Level
 Apportation              Tloc           0%         N/A       45%         1
 Necrotise                Necr           0%         1d4       45%         1
 Vampiric Draining        Necr           0%         2d6       83%         3
 Agony                    Necr           0%         N/A       100%        5
 Alistair's Intoxication  Tmut/Pois      0%         N/A       100%        5


Dungeon Overview and Level Annotations

Branches:
Dungeon (2/15)

Altars:

Annotations:
D:2 Terence


Innate Abilities, Weirdness & Mutations

You are partially covered in sharp spines.


Message History

Aim: Terence, wielding a +0 flail, wearing a +0 chain mail and carrying a wand of digging (6) (fast, 71% to hit)
You throw a throwing net. The throwing net hits Terence.
Terence is caught in the net!
Terence struggles against the net.
You reach to attack!
You hit Terence.
Terence is lightly wounded.
Terence struggles against the net. x2
The net rips apart, and Terence comes free!
You reach to attack!
You hit Terence but do no damage.
Terence is lightly wounded.
Terence hits you with a +0 flail.
You hit Terence.
Terence is moderately wounded.
Terence closely misses you.
You hit Terence but do no damage.
Terence is moderately wounded.
Terence barely misses you. Terence hits you with a +0 flail.
You hit Terence.
Terence is moderately wounded.
Terence closely misses you. Terence hits you with a +0 flail.
You are too injured to fight recklessly!
You are too injured to fight recklessly!
You are too injured to fight recklessly!
You are too injured to fight recklessly!
You hit Terence but do no damage.
Terence is moderately wounded.
Terence closely misses you. Terence hits you with a +0 flail.
You hit Terence.
Terence is heavily wounded.
Terence misses you.
You hit Terence.
Terence is almost dead.
Terence hits you with a +0 flail.
Terence says, "Don't bother to defend, it's useless."
Terence hits you with a +0 flail!
* * * LOW HITPOINT WARNING * * *
It was a potion of ambrosia.
You are confused.
You feel invigorated. Terence hits you with a +0 flail!
You die...

###.......#####
###.....................
..#.......##..#.(.......
#$........##.>#.#.......
.......(..##.......####.
#.........##......## #.
#.........#####)### #.
#.....@...†.....# #.
#......@..####..# ..
#.........#.....#
#...........##.##
#.........####.#
########... ..# #####
###


You could see Terence (fast).

Vanquished Creatures
  A dart slug (D:1)
  A bat (D:1)
  2 endoplasms (D:1)
  2 giant cockroaches
  A hobgoblin (D:2)
  2 jackals (D:2)
  2 kobolds
  3 quokkas
  3 ball pythons
  2 rats
19 creatures vanquished.

Notes
Turn   | Place    | Note
-------+----------+-------------------------------------------
     0 | D:1      | Demosthentine the Demonspawn Gladiator began the quest for
                  | the Orb.
     0 | D:1      | Reached XP level 1. HP: 16/16 MP: 1/1
   190 | D:1      | Gained mutation: You are partially covered in sharp spines.
                  | [demonic ancestry]
   190 | D:1      | Reached XP level 2. HP: 22/22 MP: 2/2
   865 | D:2      | Noticed Terence
   876 | D:2      | HP: 1/23 [Terence/+0 flail (7)]
   877 | D:2      | Slain by Terence

Illustrated notes

Levels and vault maps discovered:
D:1:      wander_arrival_estate, layout_basic, corexii_hall_statues_s,
          chequers_serial_rivers_room_b, minmay_misc_feat_ornament,
          minmay_crystal_room
D:2:      layout_loops_cross, uniq_natasha, uniq_terence

Skill      XL: |  1  2 |
---------------+-------+-----
Polearms       | 3 |  3.0
Dodging        | 3 |  3.0
Fighting       | |  2.3
Throwing       | |  1.7
Armour         | |  0.9

Action                     || total
---------------------------++-------
  Melee: Trident           ||    41
  Throw: Throwing net      ||     1
    Use: Scroll            ||     1
         Potion            ||     1
   Stab: Sleeping          ||     2
 Armour: Leather armour    ||     7
  Dodge: Dodged            ||    16

Table legend: (Time is in decaauts)
 A = Elapsed time spent in this place.
 B = Non-inter-level travel time spent in this place.
 C = Inter-level travel time spent in this place.
 D = Time resting spent in this place.
 E = Time spent auto-exploring this place.
 F = Levels seen in this place.
 G = Mean time per level.
                   A        B        C        D        E       F      G
               +--------+--------+--------+--------+--------+-----+--------+
         Total |    883 |    847 |     36 |      0 |    718 |   2 |  441.5 |
       Dungeon |    883 |    847 |     36 |      0 |    718 |   2 |  441.5 |
               +--------+--------+--------+--------+--------+-----+--------+

Top non-repeatable levels by time:
     D:1: 585 daAuts
     D:2: 297 daAuts
